 Dungeon Crawl Stone Soup version 0.26-a0-812-g31a745ddcd (webtiles) character file.

Game seed: 2088789821032241000

31 Borgoz the Skirmisher (level 3, -7/31 HPs)
             Began as a Ghoul Monk on Dec 8, 2020.
             Mangled by Grinder (8 damage)
             ... on level 3 of the Dungeon.
             The game lasted 00:01:14 (1344 turns).

Borgoz the Skirmisher (Ghoul Monk)                  Turns: 1344, Time: 00:01:14

Health: -7/31      AC:  4    Str: 15    XL:     3   Next: 22%
Magic:  2/2        EV: 12    Int:  5    God:
Gold:   38         SH:  0    Dex: 11    Spells: 2/2 levels left

rFire    . . .     SeeInvis .   a - +0 falchion
rCold    + . .     Faith    .   (no shield)
rNeg     + + +     Spirit   .   e - +0 leather armour
rPois    ∞         Reflect  .   i - +0 helmet
rElec    .         Harm     .   (no cloak)
rCorr    .         Rampage  .   (no gloves)
MR       .....                  (no boots)
Stlth    ++........             (no amulet)
HPRegen  0.00/turn              (no ring)
MPRegen  0.08/turn              (no ring)

@: mighty
A: rotting body, claws 1, cold resistance 1, negative energy resistance 3,
inhibited regeneration, torment resistance, unbreathing
a: no special abilities


You were on level 3 of the Dungeon.
You visited 1 branch of the dungeon, and saw 3 of its levels.

You collected 38 gold pieces.

Inventory:

Hand Weapons
 a - a +0 falchion (weapon)
Armour
 e - a +0 leather armour (worn)
 i - a +0 helmet (worn)
Scrolls
 b - a scroll of fear {unknown}
 c - 2 scrolls of identify {unknown}
 d - a scroll of noise {unknown}
 g - a scroll of immolation {unknown}
 h - a scroll of teleportation {unknown}


   Skills:
 + Level 3.5 Fighting
 * Level 3.1 Long Blades
 * Level 1.2 Armour
 + Level 2.9 Dodging
 - Level 2.1 Stealth


You had 2 spell levels left.
You didn't know any spells.
Your spell library was empty.

Dungeon Overview and Level Annotations

Branches:
Dungeon (3/15)

Altars:

Annotations:
D:3 Grinder


Innate Abilities, Weirdness & Mutations

Your body is rotting away.
You thrive by killing the living.
You are immune to poison.
You have sharp fingernails.
Your flesh is cold resistant. (rC+)
You are immune to negative energy. (rN+++)
You do not regenerate when monsters are visible.
You are immune to unholy pain and torment.
You can survive without breathing.


Message History

Grinder barely misses you.
You hit Grinder.
Grinder is heavily wounded.
Grinder hits you!
* * * LOW HITPOINT WARNING * * *
It was a potion of might.
You feel very mighty all of a sudden. Grinder hits you.
* * * LOW HITPOINT WARNING * * *
You slash Grinder!
Grinder is severely wounded.
Grinder closely misses you.
You hit Grinder.
Grinder is severely wounded.
Grinder hits you.
* * * LOW HITPOINT WARNING * * *
You closely miss Grinder.
Grinder is severely wounded.
Grinder hits you!
You die...

#.# #(#
#.#
###.###
#.....#
#..†..#
#.....#
###.5..[#
#...@..##
#......#
#......#
#......#
#......#
#......#
#......#
#####.##
.#


You could see Grinder.

Vanquished Creatures
  2 dart slugs (D:1)
  2 leopard geckos (D:1)
  4 bats
  3 goblins (D:1)
  3 hobgoblins (D:1)
  2 frilled lizards (D:1)
  3 kobolds (D:1)
  5 rats (D:1)
24 creatures vanquished.

Vanquished Creatures (others)
  4 plants (D:1)
4 creatures vanquished.

Grand Total: 28 creatures vanquished

Notes
Turn   | Place    | Note
-------+----------+-------------------------------------------
     0 | D:1      | Borgoz the Ghoul Monk began the quest for the Orb.
     0 | D:1      | Reached XP level 1. HP: 19/19 MP: 0/0
   406 | D:1      | Reached XP level 2. HP: 23/26 MP: 1/1
   793 | D:1      | Reached skill level 1 in Armour
   859 | D:1      | Reached XP level 3. HP: 29/31 MP: 2/2
  1325 | D:3      | Noticed Grinder
  1329 | D:3      | Paralysed by Grinder for 3 turns
  1343 | D:3      | HP: 1/31 [Grinder (2)]
  1344 | D:3      | Mangled by Grinder

Illustrated notes

Levels and vault maps discovered:
D:1:      dpeg_arrival_round_c, layout_basic, serial_bayou_lake_a
D:2:      kennysheep_big_flooded_room, layout_basic, lemuel_crystal_altar,
          nicolae_ru_great_annihilating_truth
D:3:      layout_basic, uniq_grinder, uniq_natasha

Skill      XL: |  1  2 |
---------------+-------+-----
Long Blades    | 3 |  3.1
Armour         | 1 |  1.2
Fighting       | |  3.5
Dodging        | |  2.9
Stealth        | |  2.1

Action                   || total
-------------------------++-------
Melee: Falchion          ||   104
  Use: Potion            ||     1
Armor: Robe              ||     4
       Leather armour    ||    21
Dodge: Dodged            ||    80
       Rpst.: Falchion   ||    30

Table legend: (Time is in decaauts)
 A = Elapsed time spent in this place.
 B = Non-inter-level travel time spent in this place.
 C = Inter-level travel time spent in this place.
 D = Time resting spent in this place.
 E = Time spent auto-exploring this place.
 F = Levels seen in this place.
 G = Mean time per level.
                   A        B        C        D        E       F      G
               +--------+--------+--------+--------+--------+-----+--------+
         Total |   1388 |   1313 |     75 |    293 |    792 |   3 |  462.7 |
       Dungeon |   1388 |   1313 |     75 |    293 |    792 |   3 |  462.7 |
               +--------+--------+--------+--------+--------+-----+--------+

Top non-repeatable levels by time:
     D:1: 1310 daAuts
     D:3: 73 daAuts
     D:2: 3 daAuts
